 Dungeon Crawl Stone Soup version 0.14-a0-3278-gb24e923 (webtiles) character file.

314 Kae the Chopper (level 5, -14/45 HPs)
             Began as a Hill Orc Fighter on Mar 13, 2014.
             Was an Initiate of Beogh.
             Shot with an arrow of dispersal by a centaur (16 damage)
             ... on Level 4 of the Dungeon.
             The game lasted 00:03:35 (2696 turns).

Kae the Chopper (Hill Orc Fighter)                  Turns: 2696, Time: 00:03:35

HP -14/45        AC  8     Str 20      XL: 5   Next: 49%
MP   5/5         EV  6     Int  8      God: Beogh [......]
Gold 146         SH 19     Dex 10      Spells:  0 memorised,  4 levels left

rFire  . . .     SeeInvis .     a - +0 war axe
rCold  . . .     Clarity  .     b - +0 scale mail
rNeg   . . .     Conserve .     c - +0 shield
rPois  .         rCorr    .     t - +0 hat
rElec  .         rRot     .     u - +0 cloak
SustAb . .       Spirit   .     (no gloves)
rMut   .         Warding  .     (no boots)
Saprov + . .     Stasis   .     (no amulet)
MR     .....                    (no ring)
                                (no ring)

@: invisible, very slightly contaminated, not resistant to hostile enchantments,
extremely unstealthy
A: saprovore 1
a: Renounce Religion


You were on level 4 of the Dungeon.
You worshipped Beogh.
Beogh was noncommittal.
You were not hungry.

You visited 1 branch of the dungeon, and saw 4 of its levels.

You collected 146 gold pieces.

Inventory:

Hand weapons
 a - a +0,+0 war axe (weapon)
Armour
 b - a +0 scale mail (worn)
 c - a +0 shield (worn)
 t - a +0 hat (worn)
 u - a +0 cloak (worn)
Magical devices
 s - a wand of frost (11) {unknown}
Comestibles
 d - 4 meat rations
 k - 2 apples
 m - 6 sultanas
 o - 2 bread rations
 p - a slice of pizza
 z - a banana
 A - a rotting chunk of hobgoblin flesh
Scrolls
 g - 2 scrolls of magic mapping {unknown}
 i - 6 scrolls of identify {unknown}
 j - a scroll of enchant weapon II {unknown}
 q - a scroll of fear {unknown}
 r - 2 scrolls of blinking {unknown}
 w - a scroll of immolation {unknown}
 x - 3 scrolls of remove curse {unknown}
Potions
 e - a potion of magic
 f - 2 potions of lignification {unknown}
 h - 3 potions of curing
 l - 2 potions of agility {unknown}
 n - a potion of mutation {unknown}


   Skills:
 - Level 3.6 Fighting
 + Level 7.3 Axes
 - Level 3.2 Armour
 - Level 3.2 Shields


You had 4 spell levels left.
You didn't know any spells.

Dungeon Overview and Level Annotations

Branches:
Dungeon (4/15)
 Temple: D:4-7

Altars:

Annotations:
D:4 miro's ghost, average HEWz


Innate Abilities, Weirdness & Mutations

You can tolerate rotten meat.


Message History

The arrow of dispersal misses you.
The centaur shoots an arrow of dispersal.
You block the arrow of dispersal.
The centaur shoots an arrow of dispersal.
The arrow of dispersal hits you!
The centaur shoots an arrow of dispersal.
The arrow of dispersal hits you!
You blink.
* * * LOW HITPOINT WARNING * * *
The centaur shoots an arrow of dispersal.
The arrow of dispersal hits you!
You blink.
* * * LOW HITPOINT WARNING * * *
Found a trident.
A kobold comes into view. It is wielding a dagger.
The kobold shouts!
The kobold shouts!
The centaur shoots an arrow of dispersal.
You hear the rapid hiss of a distant avalanche of sand.
The centaur shoots an arrow of dispersal.
The arrow of dispersal hits you!
You blink.
You die...

##......$......
##............).
#...............
#................
#.........(......
#.......ยง........
#................
#................
#.@......c........
#.................
#........<........
#.................
#................
##...............
##..............
#............
#.........c


You could see a centaur.

Vanquished Creatures
  6 adders
  3 gnolls (D:2)
  A worm (D:2)
  2 giant mites
  A giant gecko (D:3)
  11 goblins
  9 hobgoblins
  2 jackals (D:1)
  9 kobolds
  An ooze (D:1)
  11 bats
  6 giant cockroaches
  5 rats
67 creatures vanquished.

Vanquished Creatures (others)
  A giant newt (D:3)
  A goblin (D:3)
2 creatures vanquished.

Grand Total: 69 creatures vanquished

Notes
Turn   | Place    | Note
--------------------------------------------------------------
     0 | D:1      | Kae, the Hill Orc Fighter, began the quest for the Orb.
     0 | D:1      | Reached XP level 1. HP: 19/19 MP: 1/1
   120 | D:1      | Reached XP level 2. HP: 20/26 MP: 2/2
   245 | D:1      | Reached skill level 4 in Axes
   292 | D:1      | Reached XP level 3. HP: 21/31 MP: 3/3
   520 | D:2      | Reached skill level 5 in Axes
   967 | D:2      | Reached XP level 4. HP: 27/39 MP: 4/4
  1510 | D:2      | Reached skill level 6 in Axes
  1597 | D:2      | Reached XP level 5. HP: 43/45 MP: 5/5
  1883 | D:3      | Became a worshipper of Beogh the Brigand
  1900 | D:3      | Reached skill level 7 in Axes
  1999 | D:3      | Paralysed by a potion of paralysis for 4 turns
  2654 | D:4      | Noticed miro's ghost (average HEWz)
  2684 | D:4      | Noticed a centaur
  2693 | D:4      | HP: 2/45 [centaur/arrow of dispersal (8)]
  2696 | D:4      | Shot with an arrow of dispersal by a centaur

Action                   |  1- 3 |  4- 6 || total
-------------------------+-------+-------++-------
Melee: War axe           |   119 |   125 ||   244
Invok: Convert to Beogh  |       |     1 ||     1
  Use: Potion            |       |     6 ||     6
